Map: [TLMC19] Silverflame

Players

BlyOnFire (Bly) - Winner!

  • Race: Zerg Zerg
  • Spawn Location: 5:00

Nice

  • Race: Protoss Protoss
  • Spawn Location: 11:00

VOD

Have the link to the VOD?

Description

Time

  • Played on: Dec. 19, 2023, 8:43 a.m.
  • Length: 4:54
Show
View Real Time Build Order
Export as new Build Order

BlyOnFire Zerg - Winner!

Build Orders: Hatch First 

Get SALT Encoding   

  12  0:00  Drone  
  13  0:12  Overlord  
  13  0:17  Drone  
  14  0:31  Drone x2  
  16  0:47  Hatchery  
  15  0:51  Drone  
  15  0:54  Drone  
  17  0:58  Drone  
  18  1:08  Extractor  
  17  1:13  Spawning Pool  
  17  1:18  Drone  
  17  1:20  Drone  
  18  1:29  Drone  
  19  1:39  Drone  
  20  1:53  Overlord  
  20  2:00  Queen x2  
  24  2:01  Zergling x2  
  24  2:02  Zergling x2  
  26  2:12  Metabolic Boost  
  26  2:18  Drone x2  
  28  2:30  Hatchery  
  28  2:34  Zergling x2  
  28  2:35  Zergling x2  
  29  2:41  Zergling x4  
  31  2:51  Zergling x2  
  31  2:52  Zergling x2  
  31  2:57  Overlord  
  32  3:10  Zergling x8  
  35  3:13  Overlord  
  35  3:25  Overlord  
  35  3:35  Zergling x10  
  40  3:42  Overlord  
  39  4:02  Zergling x16  
  45  4:03  Zergling x2  
  45  4:08  Overlord  
  44  4:16  Zergling x14  
  45  4:25  Zergling x6  
Show
View Real Time Build Order
Export as new Build Order

Nice Protoss 

Build Orders: 1 Gate Expand, Oracle Opening 

Get SALT Encoding   

  12  0:00  Probe  
  13  0:12  Probe  
  14  0:22  Pylon  
  14  0:24  Probe  
  15  0:40  Probe (Chrono Boost)  
  16  0:43  Gateway  
  16  0:47  Assimilator  
  17  0:51  Probe (Chrono Boost)  
  17  0:56  Probe (Chrono Boost)  
  18  1:06  Probe  
  19  1:18  Probe  
  20  1:27  Nexus  
  20  1:35  Cybernetics Core  
  20  1:41  Assimilator  
  20  1:42  Probe  
  21  1:53  Pylon  
  22  1:54  Probe  
  22  2:06  Probe  
  23  2:09  Adept (Chrono Boost)  
  25  2:18  Probe  
  25  2:21  Stargate  
  26  2:30  Probe  
  26  2:35  Warp Gate, Adept  
  29  2:40  Probe  
  29  2:42  Probe  
  31  2:52  Probe  
  31  2:54  Probe  
  33  3:07  Probe  
  33  3:08  Void Ray (Chrono Boost)  
  33  3:12  Probe  
  36  3:19  Gateway  
  36  3:21  Probe  
  36  3:24  Probe  
  38  3:33  Probe  
  38  3:35  Oracle (Chrono Boost)  
  38  3:36  Probe  
  42  3:44  Pylon  
  42  3:45  Probe  
  42  3:48  Pylon x2  
  43  3:56  Pylon  
  43  3:58  Pylon  
  42  4:06  Oracle (Chrono Boost)  
  41  4:11  Nexus  
  41  4:16  Probe x2  
  37  4:24  Adept  
  37  4:28  Probe x2  
  39  4:40  Probe x2  
Tags
 
Add a new tag
Caveats
  • Supply blocks, unpowered buildings, or Contaminate may cause inaccurate times.
  • Supply counts are checked every 10 seconds.